[Event "DLM Youth 2024"]
[Site "Tuebingen"]
[Date "2024.10.04"]
[Round "3"]
[White "Voigt, Anastasia"]
[Black "Wang, Enya Marie"]
[Result "1/2-1/2"]
[ECO "C55"]
[WhiteElo "2037"]
[BlackElo "1613"]
[Annotator "RC"]
[PlyCount "66"]
[EventDate "2024.10.03"]
[EventType "team-swiss"]
[EventRounds "7"]
[EventCountry "GER"]
[SourceTitle "playchess.com"]
[Source "ChessBase"]
[SourceQuality "1"]
[TimeControl "40/5400+30:1800+30"]

1. e4 e5 2. Nf3 Nc6 3. Bc4 Nf6 4. d3 h6 5. c3 d6 6. Nbd2 g6 7. a4 Bg7 8. Ba2 O-O 9. O-O d5 10. Re1 Be6 11. exd5 Nxd5 12. Nc4 Nf4 13. d4 exd4 14. Bxf4 dxc3 15. Nfe5 Qxd1 16. Raxd1 cxb2 17. Bb1 Nxe5 18. Nxe5 Rad8 19. Bc2 c5 20. Rb1 g5 21. Bg3 Rd2 22. Rxb2 Bf5 23. Rxb7 Rxc2 24. Rxa7 Re8 25. f4 gxf4 26. Bxf4 f6 27. Nf3 Rxe1+ 28. Nxe1 Ra2 29. Ra5 Bf8 30. Be3 Re2 31. Bf2 Bg6 32. Kf1 Re5 33. Ra8 Be4 1/2-1/2

[Event "DLM Youth 2024"]
[Site "Tuebingen"]
[Date "2024.10.04"]
[Round "3"]
[White "Mueller, Maximilian"]
[Black "Mader, Fabian"]
[Result "0-1"]
[ECO "B30"]
[WhiteElo "2030"]
[BlackElo "1963"]
[Annotator "RC"]
[PlyCount "44"]
[EventDate "2024.10.03"]
[EventType "team-swiss"]
[EventRounds "7"]
[EventCountry "GER"]
[SourceTitle "playchess.com"]
[Source "ChessBase"]
[SourceQuality "1"]
[TimeControl "40/5400+30:1800+30"]

1. e4 c5 2. Nf3 Nc6 3. Bb5 Nf6 4. Bxc6 dxc6 5. d3 Qc7 6. Be3 e5 7. h3 Be7 8. Nc3 O-O 9. O-O h6 10. Nd2 Be6 11. f4 Rad8 12. Qe2 exf4 13. Bxf4 Qb6 14. b3 c4+ 15. Kh1 cxd3 16. cxd3 Qd4 17. Rac1 Qxd3 18. Qf2 Nh5 19. Be3 Ba3 20. Ndb1 Bxc1 21. Rxc1 f5 22. Rd1 Qxd1+ 0-1

[Event "DLM Youth 2024"]
[Site "Tuebingen"]
[Date "2024.10.04"]
[Round "3"]
[White "Mueller, Riyanna"]
[Black "Mukazhanov, Mansur"]
[Result "1-0"]
[ECO "B22"]
[WhiteElo "2014"]
[BlackElo "1894"]
[Annotator "RC"]
[PlyCount "75"]
[EventDate "2024.10.03"]
[EventType "team-swiss"]
[EventRounds "7"]
[EventCountry "GER"]
[SourceTitle "playchess.com"]
[Source "ChessBase"]
[SourceQuality "1"]
[TimeControl "40/5400+30:1800+30"]

1. e4 c5 2. c3 g6 3. d4 cxd4 4. cxd4 Bg7 5. Nc3 Nf6 6. e5 Ng8 7. Nf3 d5 8. h3 Nc6 9. Qb3 f6 10. Qxd5 fxe5 11. dxe5 Bf5 12. Qxd8+ Rxd8 13. Bb5 Bd7 14. Bf4 Nb4 15. O-O Bxb5 16. Nxb5 Nd3 17. Bg3 a6 18. Nbd4 Nxe5 19. Nxe5 Rxd4 20. Rac1 Nh6 21. Rc7 O-O 22. Rxb7 Nf5 23. Nf3 Ra4 24. a3 Rc4 25. Re1 Rc2 26. Be5 Bxe5 27. Rxe5 Rd8 28. g4 Nd6 29. Ra7 Nc8 30. Rxa6 Rxb2 31. Ra8 Kf7 32. Kg2 Rc2 33. Re3 Rd1 34. a4 Ra1 35. a5 Raa2 36. Kg3 Rc7 37. Ng5+ Kg8 38. Rd3 1-0

[Event "DLM Youth 2024"]
[Site "Tuebingen"]
[Date "2024.10.04"]
[Round "3"]
[White "Albrecht, Neil"]
[Black "Hubert, Charlotte"]
[Result "1-0"]
[ECO "B92"]
[WhiteElo "1997"]
[BlackElo "1878"]
[Annotator "RC"]
[PlyCount "73"]
[EventDate "2024.10.03"]
[EventType "team-swiss"]
[EventRounds "7"]
[EventCountry "GER"]
[SourceTitle "playchess.com"]
[Source "ChessBase"]
[SourceQuality "1"]
[TimeControl "40/5400+30:1800+30"]

1. e4 c5 2. Nf3 d6 3. d4 cxd4 4. Nxd4 Nf6 5. Nc3 a6 6. Be2 e5 7. Nb3 Be6 8. Be3 Be7 9. Qd3 O-O 10. Nd5 Bxd5 11. exd5 Nbd7 12. g4 Rc8 13. c4 a5 14. g5 Ne8 15. h4 f5 16. a4 Nc5 17. Qc3 b6 18. Bxc5 Rxc5 19. Nxc5 bxc5 20. Ra3 Qa8 21. Rb3 Bd8 22. f4 e4 23. Rb5 Nc7 24. Rxa5 Na6 25. Rb5 Nc7 26. Kf2 Nxb5 27. axb5 Rf7 28. h5 Qa5 29. g6 Ra7 30. Qh3 Qd2 31. Qxf5 Qd4+ 32. Kg2 Qf6 33. Qe6+ Qxe6 34. dxe6 h6 35. Rd1 Be7 36. b6 Ra2 37. Ra1 1-0

[Event "DLM Youth 2024"]
[Site "Tuebingen"]
[Date "2024.10.04"]
[Round "3"]
[White "Abou Wally, Adrian"]
[Black "Nechitaylo, Nikita"]
[Result "0-1"]
[ECO "B22"]
[WhiteElo "1991"]
[BlackElo "2252"]
[Annotator "RC"]
[PlyCount "58"]
[EventDate "2024.10.03"]
[EventType "team-swiss"]
[EventRounds "7"]
[EventCountry "GER"]
[SourceTitle "playchess.com"]
[Source "ChessBase"]
[SourceQuality "1"]
[TimeControl "40/5400+30:1800+30"]

1. e4 c5 2. Nf3 e6 3. c3 d5 4. exd5 exd5 5. d4 Nf6 6. Bd3 c4 7. Be2 Bd6 8. O-O O-O 9. Re1 Qc7 10. Bf1 Bg4 11. g3 Nbd7 12. Bg2 b5 13. Qc2 Rfe8 14. Rxe8+ Rxe8 15. Be3 Bh5 16. Nbd2 Bg6 17. Qc1 Ng4 18. Nf1 Bd3 19. Qd2 Ndf6 20. Ng5 h6 21. Nh3 g5 22. Re1 Re6 23. f3 Bxf1 24. Bxf1 Nxh2 25. Kxh2 Bxg3+ 26. Kg2 Bxe1 27. Qxe1 Qe7 28. Kf2 g4 29. Nf4 g3+ 0-1

[Event "DLM Youth 2024"]
[Site "Tuebingen"]
[Date "2024.10.04"]
[Round "3"]
[White "Buchholz, Maja Patricia"]
[Black "Braeutigam, Katerina"]
[Result "1-0"]
[ECO "A20"]
[WhiteElo "1988"]
[BlackElo "2099"]
[Annotator "NA RC"]
[PlyCount "147"]
[EventDate "2024.10.03"]
[EventType "team-swiss"]
[EventRounds "7"]
[EventCountry "GER"]
[SourceTitle "playchess.com"]
[Source "ChessBase"]
[SourceQuality "1"]
[TimeControl "40/5400+30:1800+30"]

1. c4 e5 2. g3 Nf6 3. Bg2 c6 4. Nf3 e4 5. Nd4 Qb6 6. Nb3 {[%emt 0:00:51] A20: English Opening: 1...e5.} a5 7. d3 a4 8. N3d2 Bc5 9. O-O e3 10. fxe3 Bxe3+ 11. Kh1 Ng4 12. Ne4 O-O 13. Nbc3 d5 14. cxd5 f5 15. h3 Bxc1 16. Qxc1 Ne3 17. Rf3 Nxd5 18. Nd6 Be6 19. e4 Nxc3 20. bxc3 fxe4 21. Rxf8+ Kxf8 22. Qf4+ Ke7 23. Qxe4 Kxd6 24. Re1 Nd7 25. Qxe6+ Kc7 26. Qg4 Qf2 27. Re2 Qf6 28. d4 Rd8 29. Qh5 h6 30. Qa5+ Kc8 31. Kh2 Qd6 32. Qxa4 Nb6 33. Qb3 Qc7 34. Rb2 Nd5 35. c4 Nf6 36. d5 c5 37. Qa4 h5 38. d6 Rxd6 39. Rxb7 Qxb7 40. Bxb7+ Kxb7 41. Qb5+ Rb6 42. Qxc5 g6 $18 43. Qe7+ Kc8 44. a4 Nd7 45. a5 Rc6 46. Qa3 Kb7 47. Qa4 Nb8 48. Qb5+ Ka7 49. Kg2 Ra6 50. Qc5+ Kb7 51. Qe7+ Ka8 52. Qe4+ Ka7 53. Qd4+ Kb7 54. Qd5+ Ka7 55. Kf2 Rf6+ 56. Ke3 Rf5 57. Qd4+ Ka8 58. Qe4+ Ka7 59. Qe7+ Ka8 60. Qd8 Rc5 61. Kd4 Rc6 62. Kd5 Ra6 63. Kc5 Kb7 64. Qd5+ Rc6+ 65. Kb5 Kc7 66. Qe5+ Kb7 67. Qxb8+ Kxb8 68. Kxc6 g5 69. Kd7 g4 70. hxg4 hxg4 71. c5 Ka8 72. c6 Kb8 73. c7+ Ka7 74. Kd8 1-0

[Event "DLM Youth 2024"]
[Site "Tuebingen"]
[Date "2024.10.04"]
[Round "3"]
[White "Goldmann, David"]
[Black "Nunez Gregoire, Daniel"]
[Result "0-1"]
[ECO "C48"]
[WhiteElo "1969"]
[BlackElo "2154"]
[Annotator "RC"]
[PlyCount "54"]
[EventDate "2024.10.03"]
[EventType "team-swiss"]
[EventRounds "7"]
[EventCountry "GER"]
[SourceTitle "playchess.com"]
[Source "ChessBase"]
[SourceQuality "1"]
[TimeControl "40/5400+30:1800+30"]

1. e4 e5 2. Nf3 Nc6 3. Nc3 Nf6 4. Bb5 Nd4 5. Ba4 Nxf3+ 6. Qxf3 c6 7. O-O a5 8. Bb3 b5 9. a3 d6 10. h3 Be6 11. Bxe6 fxe6 12. Rd1 Be7 13. d4 exd4 14. Rxd4 Qc7 15. Be3 O-O 16. Rad1 d5 17. exd5 exd5 18. Rf4 b4 19. axb4 axb4 20. Ne2 Bd6 21. Rf5 Qd7 22. Nd4 Rae8 23. Bg5 Ne4 24. Qg4 Rxf5 25. Nxf5 Kh8 26. Be3 Be5 27. Qxe4 Bh2+ 0-1

[Event "DLM Youth 2024"]
[Site "Tuebingen"]
[Date "2024.10.04"]
[Round "3"]
[White "Groeschel, Karoline"]
[Black "Sheng, Ming"]
[Result "1-0"]
[ECO "B12"]
[WhiteElo "1968"]
[BlackElo "2007"]
[Annotator "RC"]
[PlyCount "97"]
[EventDate "2024.10.03"]
[EventType "team-swiss"]
[EventRounds "7"]
[EventCountry "GER"]
[SourceTitle "playchess.com"]
[Source "ChessBase"]
[SourceQuality "1"]
[TimeControl "40/5400+30:1800+30"]

1. e4 c6 2. d4 d5 3. e5 Bf5 4. h4 h5 5. Bd3 Bxd3 6. Qxd3 e6 7. Nf3 Qa5+ 8. Nbd2 Qa6 9. c4 Bb4 10. O-O Ne7 11. b3 c5 12. Rd1 Bxd2 13. Bxd2 dxc4 14. bxc4 Nbc6 15. Bg5 cxd4 16. Nxd4 O-O 17. Nxc6 Nxc6 18. Qe2 Qa5 19. Re1 Rfc8 20. Rab1 b6 21. Rbd1 Nxe5 22. Bd2 Qxa2 23. Qxe5 Rc5 24. Qe4 Rac8 25. Be3 Rxc4 26. Qf3 Qa4 27. Ra1 Qd7 28. Qxh5 Qb7 29. Red1 a6 30. Qg5 f6 31. Qg3 b5 32. Rd6 R4c6 33. Rad1 Rxd6 34. Qxd6 Rc6 35. Qd8+ Kh7 36. Rd7 Qc8 37. Qe7 Qg8 38. Rd8 Qxd8 39. Qxd8 b4 40. Qd7 Rc3 41. Bd2 Rb3 42. Qxe6 Rb2 43. Qe4+ f5 44. Qxf5+ Kg8 45. Qe6+ Kh7 46. Qe4+ Kh8 47. Bxb4 a5 48. Bc3 Rb8 49. Qe7 1-0

[Event "DLM Youth 2024"]
[Site "Tuebingen"]
[Date "2024.10.04"]
[Round "3"]
[White "Fruth, David"]
[Black "Haug, Mara"]
[Result "1-0"]
[ECO "B35"]
[WhiteElo "1966"]
[BlackElo "1958"]
[Annotator "NA RC"]
[PlyCount "65"]
[EventDate "2024.10.03"]
[EventType "team-swiss"]
[EventRounds "7"]
[EventCountry "GER"]
[SourceTitle "playchess.com"]
[Source "ChessBase"]
[SourceQuality "1"]
[TimeControl "40/5400+30:1800+30"]

1. e4 c5 2. Nf3 Nc6 3. d4 cxd4 4. Nxd4 g6 5. Nc3 Bg7 6. Be3 Nf6 7. f3 O-O 8. Bc4 Qb6 9. a3 e6 10. O-O Re8 11. Bb3 Qa5 12. f4 Qh5 13. Qxh5 Nxh5 14. e5 g5 15. Nxc6 dxc6 16. fxg5 Bxe5 17. Ne4 Ng7 18. g4 Rd8 19. Rad1 Rxd1 20. Rxd1 Bc7 21. Nf6+ Kh8 22. Bd4 e5 23. Bxe5 Bb6+ 24. Kg2 Ne6 25. Nd7+ Kg8 26. Bxe6 fxe6 27. Nxb6 axb6 28. Rd8+ Kf7 29. Bf6 b5 30. h4 b6 31. h5 c5 32. Kg3 e5 33. g6+ 1-0

[Event "DLM Youth 2024"]
[Site "Tuebingen"]
[Date "2024.10.04"]
[Round "3"]
[White "Ratushnyi, Viktor"]
[Black "Sereda, Yaroslava"]
[Result "0-1"]
[ECO "B31"]
[WhiteElo "1959"]
[BlackElo "1972"]
[Annotator "RC"]
[PlyCount "68"]
[EventDate "2024.10.03"]
[EventType "team-swiss"]
[EventRounds "7"]
[EventCountry "GER"]
[SourceTitle "playchess.com"]
[Source "ChessBase"]
[SourceQuality "1"]
[TimeControl "40/5400+30:1800+30"]

1. e4 c5 2. Nf3 Nc6 3. Bb5 g6 4. Bxc6 bxc6 5. O-O Bg7 6. Re1 Qc7 7. c3 Nf6 8. d4 cxd4 9. cxd4 O-O 10. Nc3 Rb8 11. Qe2 Re8 12. h3 d6 13. e5 Nd5 14. Nxd5 cxd5 15. Bf4 Bd7 16. b3 Qb6 17. Rac1 Rbd8 18. Qd2 Bf5 19. Re3 Be4 20. b4 Rc8 21. Rxc8 Rxc8 22. exd6 exd6 23. Rc3 Rc4 24. Rxc4 dxc4 25. Qe1 d5 26. Be5 Bxe5 27. Nxe5 Qxd4 28. Nc6 Qb6 29. Ne5 Qd4 30. Nc6 Qd3 31. f3 c3 32. fxe4 c2 33. Ne7+ Kf8 34. exd5 Qd1 0-1

[Event "DLM Youth 2024"]
[Site "Tuebingen"]
[Date "2024.10.04"]
[Round "3"]
[White "Bundan, Edward"]
[Black "Goepfert, Gregor"]
[Result "1-0"]
[ECO "C78"]
[WhiteElo "1952"]
[BlackElo "1759"]
[Annotator "RC"]
[PlyCount "113"]
[EventDate "2024.10.03"]
[EventType "team-swiss"]
[EventRounds "7"]
[EventCountry "GER"]
[SourceTitle "playchess.com"]
[Source "ChessBase"]
[SourceQuality "1"]
[TimeControl "40/5400+30:1800+30"]

1. e4 e5 2. Nf3 Nc6 3. Bb5 a6 4. Ba4 Nf6 5. d3 b5 6. Bb3 Bc5 7. O-O d6 8. c3 O-O 9. h3 h6 10. Re1 Re8 11. Nbd2 Be6 12. Bc2 Qd7 13. Nf1 d5 14. d4 Bd6 15. Ng3 Rad8 16. dxe5 Nxe5 17. Nxe5 Bxe5 18. f4 Bd6 19. e5 Bc5+ 20. Be3 Bxe3+ 21. Rxe3 Ne4 22. Bxe4 dxe4 23. Qxd7 Rxd7 24. Nxe4 Red8 25. Ree1 Bf5 26. Ng3 Bc2 27. Nf1 c5 28. Rac1 Bd3 29. Nd2 Kf8 30. Nf3 Ke7 31. Rcd1 h5 32. Rd2 Kf8 33. Red1 c4 34. Nd4 Rc8 35. a3 Ke7 36. Kf2 g6 37. Ke3 Ke8 38. Nf3 Rcd8 39. Ne1 Bf5 40. Rxd7 Rxd7 41. Rxd7 Kxd7 42. h4 Kc6 43. Kd4 Bb1 44. Nf3 Bf5 45. Ng5 Be6 46. Nh7 Bg4 47. Nf6 Bf5 48. Nd5 Be6 49. Nf6 Bf5 50. Nh7 Bg4 51. Ng5 Be6 52. Nxe6 fxe6 53. Ke3 Kd5 54. Kf3 Kc5 55. g4 Kd5 56. gxh5 gxh5 57. Ke3 1-0

[Event "DLM Youth 2024"]
[Site "Tuebingen"]
[Date "2024.10.04"]
[Round "3"]
[White "Steinbrenner, Peter"]
[Black "Huppert, Anna"]
[Result "1-0"]
[ECO "E01"]
[WhiteElo "1952"]
[BlackElo "1661"]
[Annotator "RC"]
[PlyCount "45"]
[EventDate "2024.10.03"]
[EventType "team-swiss"]
[EventRounds "7"]
[EventCountry "GER"]
[SourceTitle "playchess.com"]
[Source "ChessBase"]
[SourceQuality "1"]
[TimeControl "40/5400+30:1800+30"]

1. Nf3 Nf6 2. g3 d5 3. Bg2 Nc6 4. d4 e6 5. O-O Bd6 6. c4 b6 7. Nc3 Bb7 8. Nb5 O-O 9. b3 e5 10. cxd5 Nxd5 11. Bb2 Re8 12. Nxd6 cxd6 13. e4 Nf6 14. Re1 exd4 15. Nxd4 d5 16. Nf5 g6 17. Nh6+ Kf8 18. e5 Ng8 19. Nxg8 Kxg8 20. Bxd5 Qe7 21. e6 f5 22. Bxc6 Bxc6 23. Qd4 1-0

[Event "DLM Youth 2024"]
[Site "Tuebingen"]
[Date "2024.10.04"]
[Round "3"]
[White "Sickmann, Lisa"]
[Black "Stehning, Toni"]
[Result "1-0"]
[ECO "C83"]
[WhiteElo "1946"]
[BlackElo "1817"]
[Annotator "RC"]
[PlyCount "44"]
[EventDate "2024.10.03"]
[EventType "team-swiss"]
[EventRounds "7"]
[EventCountry "GER"]
[SourceTitle "playchess.com"]
[Source "ChessBase"]
[SourceQuality "1"]
[TimeControl "40/5400+30:1800+30"]

1. e4 e5 2. Nf3 Nc6 3. Bb5 a6 4. Ba4 Nf6 5. O-O Nxe4 6. d4 b5 7. Bb3 d5 8. dxe5 Be6 9. Be3 Be7 10. c3 O-O 11. Nbd2 Bg4 12. Bf4 Nxd2 13. Qxd2 Bxf3 14. gxf3 d4 15. Rad1 Bc5 16. Qc2 Qe7 17. Qe4 Na5 18. Bc2 f5 19. exf6 Qxe4 20. Bxe4 Rae8 21. b4 Rxf6 22. Bxc7 Rxe4 1-0

[Event "DLM Youth 2024"]
[Site "Tuebingen"]
[Date "2024.10.04"]
[Round "3"]
[White "Peglau, Paul David"]
[Black "Yin, Vito"]
[Result "1/2-1/2"]
[ECO "E41"]
[WhiteElo "1943"]
[BlackElo "1859"]
[Annotator "NA RC"]
[PlyCount "144"]
[EventDate "2024.10.03"]
[EventType "team-swiss"]
[EventRounds "7"]
[EventCountry "GER"]
[SourceTitle "playchess.com"]
[Source "ChessBase"]
[SourceQuality "1"]
[TimeControl "40/5400+30:1800+30"]

1. d4 Nf6 2. c4 e6 3. Nc3 d5 4. Nf3 Bb4 5. e3 c5 6. cxd5 Nxd5 {[%emt 0:02:12] E41: Nimzo-Indian: Rubinstein: 4...c5 5 Bd3, including Hübner Variation.} 7. Bd2 cxd4 8. Nxd5 Bxd2+ 9. Qxd2 Qxd5 10. Qxd4 O-O 11. Qxd5 exd5 12. Be2 Nc6 13. O-O Bf5 14. Rfd1 Rad8 15. h3 Rfe8 16. Nd4 Bg6 17. Rac1 h6 18. Bf3 Nb4 19. Rc7 Rb8 20. Nb5 Bd3 21. Nd6 Re6 22. Rxb7 Rxb7 23. Nxb7 Bc2 24. Rd2 Rb6 25. Na5 Be4 26. a3 Bxf3 27. gxf3 Na6 28. b4 Nc7 29. Rc2 Nb5 30. a4 Na3 31. Rb2 f5 32. b5 a6 33. Ra2 Nb1 34. bxa6 Rxa6 35. Rb2 Nc3 36. Rb8+ Kh7 37. Nb3 Nxa4 38. Rb5 Rb6 39. Rxb6 Nxb6 40. Kg2 g5 41. Kg3 Kg6 42. f4 Nc4 43. fxg5 hxg5 44. h4 Nd6 45. hxg5 Kxg5 (45... Ne4+ $11 46. Kf3 Kxg5) 46. f4+ Kf6 47. Nd4 $11 Nc4 48. Kf3 Nd6 49. Ke2 Ne4 50. Kd3 Nc5+ 51. Kc3 Ne4+ 52. Kb4 Nd6 53. Kc5 Nc4 54. Nc2 Ke6 55. Kc6 Na5+ 56. Kb5 Nc4 57. Kc5 Nd2 58. Nd4+ Kf6 59. Kxd5 Nf1 60. Nc2 Ng3 61. Nb4 Nf1 62. Kd4 Ke6 63. Nd3 Kd6 64. Ne5 Ke6 65. Nf3 Kf6 66. Ng5 Kg6 67. Kd3 Ng3 68. Kd2 Kh5 69. Ke1 Kg4 70. Kf2 Nh5 71. Nf7 Nxf4 72. Ne5+ Kg5 1/2-1/2

[Event "DLM Youth 2024"]
[Site "Tuebingen"]
[Date "2024.10.04"]
[Round "3"]
[White "Kovalskyy, Alicia"]
[Black "Geist, Tim"]
[Result "0-1"]
[ECO "B53"]
[WhiteElo "1908"]
[BlackElo "1977"]
[Annotator "RC"]
[PlyCount "76"]
[EventDate "2024.10.03"]
[EventType "team-swiss"]
[EventRounds "7"]
[EventCountry "GER"]
[SourceTitle "playchess.com"]
[Source "ChessBase"]
[SourceQuality "1"]
[TimeControl "40/5400+30:1800+30"]

1. e4 c5 2. Nf3 d6 3. d4 cxd4 4. Qxd4 Nc6 5. Bb5 Bd7 6. Bxc6 Bxc6 7. c4 Nf6 8. Nc3 g6 9. O-O Bg7 10. Qd3 O-O 11. Nd4 Nd7 12. Rd1 Rc8 13. b3 Nc5 14. Qe2 Bd7 15. Bb2 h5 16. Nd5 Re8 17. Rac1 e6 18. Nc3 a6 19. Qd2 Kh7 20. Nc2 Bc6 21. f3 Qb6 22. Qf2 Qc7 23. Ne3 Bh6 24. Rc2 Qe7 25. Nf1 b5 26. cxb5 axb5 27. Qd4 Red8 28. Ne2 e5 29. Qf2 b4 30. Bc1 Bg7 31. Ne3 Bb7 32. Qe1 Bh6 33. Rc4 Ba6 34. Qxb4 Bxc4 35. Qxc4 Ne6 36. Qb4 Rxc1 37. Nxc1 Bxe3+ 38. Kf1 Qh4 0-1

[Event "DLM Youth 2024"]
[Site "Tuebingen"]
[Date "2024.10.04"]
[Round "3"]
[White "Bezsonna, Polina"]
[Black "Aguike, Toshiya"]
[Result "1-0"]
[ECO "C56"]
[WhiteElo "1905"]
[BlackElo "1719"]
[Annotator "NA RC"]
[PlyCount "65"]
[EventDate "2024.10.03"]
[EventType "team-swiss"]
[EventRounds "7"]
[EventCountry "GER"]
[SourceTitle "playchess.com"]
[Source "ChessBase"]
[SourceQuality "1"]
[TimeControl "40/5400+30:1800+30"]

1. e4 e5 2. Nf3 Nc6 3. Bc4 Nf6 4. d4 exd4 5. e5 d5 6. Bb5 Ne4 7. Nxd4 Bd7 8. Bxc6 bxc6 9. O-O Bc5 10. Be3 Bb6 11. f3 Ng5 12. f4 Ne4 13. c3 c5 14. Nf3 Bf5 15. Nbd2 h6 16. Nxe4 Bxe4 17. Kh1 $11 O-O 18. Qd2 Qd7 19. Rad1 Rad8 20. Qf2 Qc6 21. b4 cxb4 22. cxb4 Qc4 23. Bxb6 axb6 24. Rc1 Qxb4 25. Rxc7 d4 26. f5 Bxf3 27. Qxf3 d3 28. f6 g6 29. e6 fxe6 30. Rg7+ Kh8 31. Qb7 d2 32. Rh7+ Kg8 33. Qg7# 1-0

[Event "DLM Youth 2024"]
[Site "Tuebingen"]
[Date "2024.10.04"]
[Round "3"]
[White "Schulz, Tim"]
[Black "Udelnov, Valentin"]
[Result "0-1"]
[ECO "D00"]
[WhiteElo "1901"]
[BlackElo "2045"]
[Annotator "NA RC"]
[PlyCount "110"]
[EventDate "2024.10.03"]
[EventType "team-swiss"]
[EventRounds "7"]
[EventCountry "GER"]
[SourceTitle "playchess.com"]
[Source "ChessBase"]
[SourceQuality "1"]
[TimeControl "40/5400+30:1800+30"]

1. d4 Nf6 2. Nf3 g6 3. Nc3 d5 4. Bf4 Bg7 5. e3 O-O 6. Be2 c5 7. Ne5 Nc6 8. O-O cxd4 9. exd4 Bf5 10. Qd2 {[%emt 0:01:16] D00: 1 d4 d5: Ongebruikelijke Varianten.} Rc8 11. Rad1 a6 12. h3 b5 13. a3 Qb6 14. Nxc6 Qxc6 15. g4 Be6 16. Kh2 Nd7 17. Bh6 Qd6+ 18. Bf4 Qc6 19. Bh6 Nb6 20. Bxg7 Kxg7 21. Qg5 f6 22. Qe3 Rfe8 23. h4 Bf7 24. g5 e5 25. Kg2 f5 26. Rh1 Kg8 27. Kg1 e4 28. h5 Qd6 29. hxg6 Bxg6 30. Qh3 f4 31. Bg4 Rc7 32. Qh6 f3 33. Bf5 Rg7 34. Bxg6 Qxg6 35. Qxg6 Rxg6 36. Rh5 Rf8 37. Kh2 Rf5 38. Rg1 Nc4 39. Nd1 Re6 40. b3 e3 41. Rh6 exf2 $17 42. Rxe6 fxg1=Q+ 43. Kxg1 Rxg5+ 44. Kf2 Nd2 45. Ne3 Rh5 46. Ng4 Rh4 47. Nh6+ Kf8 48. Kg3 Rh1 49. Rxa6 Rg1+ 50. Kf2 Rg2+ 51. Ke3 Re2+ 52. Kd3 Ne4 53. Ng4 Rg2 54. Ne5 f2 55. Ke2 Ng3+ 0-1

[Event "DLM Youth 2024"]
[Site "Tuebingen"]
[Date "2024.10.04"]
[Round "3"]
[White "Jacobasch, Ronja"]
[Black "Rafikova, Ailin"]
[Result "1/2-1/2"]
[ECO "A05"]
[WhiteElo "1879"]
[BlackElo "1707"]
[Annotator "NA RC"]
[PlyCount "62"]
[EventDate "2024.10.03"]
[EventType "team-swiss"]
[EventRounds "7"]
[EventCountry "GER"]
[SourceTitle "playchess.com"]
[Source "ChessBase"]
[SourceQuality "1"]
[TimeControl "40/5400+30:1800+30"]

1. Nf3 Nf6 2. g3 g6 3. Bg2 Bg7 4. O-O O-O 5. d3 d6 6. c3 c6 7. e4 e5 8. a4 Ne8 9. Na3 h6 10. Be3 f5 11. exf5 gxf5 12. Nh4 f4 13. Bd2 d5 14. d4 fxg3 15. hxg3 exd4 16. cxd4 Qf6 17. Nc2 Nd6 18. Bf4 Nf5 19. Be5 Qf7 20. Nxf5 Bxf5 21. Bxg7 Kxg7 22. Ne3 Bg6 23. Qd2 h5 24. b4 Nd7 25. b5 Nf6 26. Rac1 Qd7 27. bxc6 bxc6 28. Qc3 Rac8 29. f3 Qd6 30. Qe1 Bd3 31. f4 Bg6 1/2-1/2

[Event "DLM Youth 2024"]
[Site "Tuebingen"]
[Date "2024.10.04"]
[Round "3"]
[White "Fischer, Darja"]
[Black "Herrmann, Arthur"]
[Result "0-1"]
[ECO "D27"]
[WhiteElo "1872"]
[BlackElo "2031"]
[Annotator "RC"]
[PlyCount "62"]
[EventDate "2024.10.03"]
[EventType "team-swiss"]
[EventRounds "7"]
[EventCountry "GER"]
[SourceTitle "playchess.com"]
[Source "ChessBase"]
[SourceQuality "1"]
[TimeControl "40/5400+30:1800+30"]

1. d4 d5 2. c4 dxc4 3. Nf3 Nf6 4. e3 e6 5. Bxc4 c5 6. Qe2 a6 7. dxc5 Bxc5 8. O-O b5 9. Bd3 Nbd7 10. Nc3 Bb7 11. a3 Qb8 12. e4 O-O 13. Be3 Bxe3 14. Qxe3 Ng4 15. Qg5 Nde5 16. Nxe5 Nxe5 17. Be2 Rd8 18. Rad1 Qc7 19. Rc1 Nc6 20. Qe3 Rac8 21. Rfd1 Rxd1+ 22. Rxd1 Rd8 23. Rxd8+ Qxd8 24. Qd3 Nd4 25. f4 Qb6 26. Kh1 h6 27. Bd1 a5 28. b4 axb4 29. axb4 f5 30. exf5 exf5 31. Ne2 Qc6 0-1

[Event "DLM Youth 2024"]
[Site "Tuebingen"]
[Date "2024.10.04"]
[Round "3"]
[White "Aniol, Nico"]
[Black "Kieselbach, Jannik"]
[Result "1/2-1/2"]
[ECO "C99"]
[WhiteElo "1864"]
[BlackElo "2014"]
[Annotator "RC"]
[PlyCount "69"]
[EventDate "2024.10.03"]
[EventType "team-swiss"]
[EventRounds "7"]
[EventCountry "GER"]
[SourceTitle "playchess.com"]
[Source "ChessBase"]
[SourceQuality "1"]
[TimeControl "40/5400+30:1800+30"]

1. e4 e5 2. Nf3 Nc6 3. Bb5 a6 4. Ba4 Nf6 5. O-O Be7 6. Re1 b5 7. Bb3 O-O 8. c3 d6 9. h3 Na5 10. Bc2 c5 11. d4 Qc7 12. Nbd2 cxd4 13. cxd4 Bd7 14. b4 Nc6 15. a3 exd4 16. Nb3 Rac8 17. Nfxd4 Ne5 18. Bf4 Nc4 19. Bd3 Qb6 20. Qe2 Ne5 21. Be3 Qb8 22. f4 Nxd3 23. Qxd3 Rfd8 24. Rad1 Qc7 25. Rc1 Qb7 26. Nd2 Rxc1 27. Rxc1 Rc8 28. Rc2 Rc7 29. Kf2 Qc8 30. Kf3 Be6 31. Rxc7 Qxc7 32. Nxe6 fxe6 33. Bd4 Qc6 34. Qc3 Qxc3+ 35. Bxc3 1/2-1/2

[Event "DLM Youth 2024"]
[Site "Tuebingen"]
[Date "2024.10.04"]
[Round "3"]
[White "Brunner, Sophia"]
[Black "Loos, Tilda"]
[Result "1/2-1/2"]
[ECO "A46"]
[WhiteElo "1863"]
[BlackElo "1700"]
[Annotator "NA RC"]
[PlyCount "76"]
[EventDate "2024.10.03"]
[EventType "team-swiss"]
[EventRounds "7"]
[EventCountry "GER"]
[SourceTitle "playchess.com"]
[Source "ChessBase"]
[SourceQuality "1"]
[TimeControl "40/5400+30:1800+30"]

1. d4 Nf6 2. Nf3 e6 3. g3 d5 4. Bg2 b5 5. O-O Bb7 6. b3 Be7 7. Bb2 O-O 8. Nbd2 Nbd7 9. c4 bxc4 10. bxc4 Rb8 11. Qc2 c5 12. Rab1 dxc4 13. Qxc4 Bd5 14. Qc2 Bxa2 15. Ra1 Bd5 16. Rfb1 $15 cxd4 17. Bxd4 Rxb1+ 18. Qxb1 a5 19. Bc3 Bb4 20. Bxb4 axb4 21. Qxb4 Qb8 22. Qa3 h6 23. Ne1 Qe5 24. Bxd5 Qxe2 25. Bxe6 Qxe6 26. Qa6 Qd5 27. Ndf3 Ne5 28. Nxe5 Qxe5 29. Ng2 Qd4 30. Qa4 Qe5 31. Re1 Qd6 32. Qf4 Qxf4 33. Nxf4 Rd8 34. f3 Kf8 35. Kf2 Rd2+ 36. Re2 Rd7 37. Ng2 Rd8 38. h3 g6 1/2-1/2